Map: Cerulean Fall LE

Players

Clem - Winner!

  • Race: Terran Terran
  • Spawn Location: 1:00

Silky

  • Race: Zerg Zerg
  • Spawn Location: 7:00

Event: WCS Montreal 2018

VOD

Have the link to the VOD?

Description

Time

  • Played on: Sept. 7, 2018, 1:21 p.m.
  • Length: 6:15

All games in this series

Show
View Real Time Build Order
Export as new Build Order

Clem Terran - Winner!

Build Orders: Reaper Expand 

Get SALT Encoding   

  12  0:00  SCV  
  13  0:12  SCV  
  14  0:17  Supply Depot  
  14  0:24  SCV  
  15  0:39  SCV  
  15  0:40  Barracks  
  16  0:44  Refinery  
  16  0:51  SCV  
  17  1:03  SCV  
  18  1:15  SCV  
  19  1:28  Reaper  
  19  1:29  Orbital Command  
  20  1:40  Command Center  
  20  1:51  Barracks  
  20  1:55  SCV  
  21  2:03  Barracks Reactor  
  21  2:05  Supply Depot  
  21  2:08  SCV  
  21  2:14  Refinery  
  22  2:22  SCV  
  23  2:26  Factory  
  23  2:36  SCV  
  24  2:39  Marine  
  24  2:41  Barracks Tech Lab, Marine  
  26  2:48  SCV  
  27  2:53  Orbital Command  
  27  2:58  Marine  
  28  3:00  SCV, Marine  
  29  3:10  Stimpack  
  29  3:12  SCV  
  30  3:13  Marine  
  30  3:16  Marine  
  30  3:19  SCV  
  33  3:21  Marine  
  33  3:22  Factory Reactor  
  34  3:29  Starport  
  34  3:32  Marine  
  34  3:34  Marine  
  35  3:37  Supply Depot  
  35  3:39  Marine  
  37  3:41  SCV  
  37  3:42  SCV  
  39  3:50  Marine  
  39  3:52  Marine  
  41  3:57  Marine  
  41  4:00  Hellion x2, SCV  
  48  4:05  Medivac  
  48  4:08  Armory  
  49  4:12  Supply Depot  
  49  4:15  Marine  
  50  4:21  Hellion x2  
  54  4:31  Supply Depot  
  54  4:33  Marine  
  54  4:36  Medivac  
  54  4:37  Marine x2  
  59  4:51  Marine  
  60  4:54  Marine x2  
  60  4:58  Hellion x2  
  66  5:02  Supply Depot  
  66  5:08  Medivac  
  66  5:09  Barracks, Marine  
  66  5:12  Marine  
  70  5:24  Hellion, Marine  
  70  5:27  Marine  
  72  5:29  Hellion  
  72  5:30  Marine  
  65  5:41  Marine  
  60  5:44  SCV, Marine  
  60  5:46  Hellion  
  60  5:48  Marine  
  65  5:55  Marine  
Show
View Real Time Build Order
Export as new Build Order

Silky Zerg 

Build Orders: Pool First 

Get SALT Encoding   

  12  0:00  Drone  
  13  0:12  Overlord  
  13  0:17  Drone  
  14  0:30  Drone x2  
  16  0:36  Drone  
  17  0:44  Extractor  
  17  0:45  Drone  
  17  0:50  Spawning Pool  
  17  0:55  Drone  
  17  1:06  Drone  
  18  1:19  Hatchery  
  18  1:22  Drone  
  18  1:37  Queen  
  18  1:38  Zergling x2  
  21  1:44  Metabolic Boost  
  21  1:51  Overlord  
  21  1:59  Drone  
  22  2:12  Drone x2  
  22  2:13  Queen  
  26  2:24  Drone  
  27  2:31  Drone, Queen  
  27  2:33  Drone  
  31  2:49  Drone  
  31  2:51  Hatchery  
  31  2:55  Overlord  
  31  2:56  Drone  
  32  2:59  Drone  
  32  3:01  Drone  
  32  3:05  Drone  
  34  3:08  Drone  
  35  3:13  Queen  
  35  3:19  Drone x3  
  40  3:23  Drone  
  40  3:24  Drone  
  42  3:27  Overlord  
  42  3:32  Drone x2  
  44  3:40  Overlord  
  44  3:45  Drone x2, Evolution Chamber  
  44  3:47  Drone x2, Evolution Chamber  
  46  3:52  Drone x3  
  46  3:54  Zergling x2  
  50  3:59  Queen  
  52  4:04  Drone x2  
  52  4:05  Drone  
  55  4:10  Zerg Melee Weapons Level 1  
  55  4:16  Zerg Ground Armor Level 1  
  55  4:17  Drone x3  
  57  4:22  Queen  
  60  4:26  Drone x2  
  60  4:27  Drone  
  60  4:31  Drone x3  
  65  4:32  Overlord  
  65  4:35  Overlord  
  66  4:42  Overlord  
  66  4:50  Extractor, Queen, Overlord  
  66  4:52  Zergling x10  
  72  4:56  Zergling x2  
  72  4:57  Zergling x6  
  72  4:58  Queen  
  78  5:00  Zergling x2  
  78  5:01  Zergling x2  
  78  5:04  Zergling x6  
  78  5:05  Zergling x2  
  85  5:07  Zergling x2  
  85  5:10  Zergling x6  
  85  5:13  Baneling Nest  
  87  5:18  Zergling x4  
  87  5:21  Zergling x2  
  87  5:31  Zergling x10  
  74  5:37  Zergling x10  
  72  5:47  Zergling x4  
  69  5:51  Zergling x2  
  69  5:54  Zergling x2  
  69  5:56  Zergling x2  
Tags
 
Add a new tag
Caveats
  • Supply blocks, unpowered buildings, or Contaminate may cause inaccurate times.
  • Supply counts are checked every 10 seconds.